 Dungeon Sprint DCSS version 0.23.2-1-ga50397a6bc (webtiles) character file.

Game seed: 9123311704994333252

12191 Kobolds4U the Imperceptible (level 11, 0/54 (55) HPs)
             Began as a Spriggan Assassin on May 22, 2019.
             Was a High Priest of Okawaru.
             Slain by an unseen horror (6 damage)
             ... in the Dungeon (Sprint I: "Red Sonja").
             The game lasted 00:22:50 (3339 turns).

Kobolds4U the Imperceptible (Spriggan Assassin)     Turns: 3339, Time: 00:22:51

HP:   0/54 (55)     AC:  6    Str: 16    XL:     11   Next: 59%
MP:   26/31         EV: 35    Int: 16    God:    Okawaru [*****.]
Gold: 389           SH:  0    Dex: 17    Spells: 3/22 levels left

rFire    . . .     SeeInvis +   a - +1 rapier of Jede {pierce, MR+ MP+9 Str+5 Dex-5}
rCold    . . .     Gourm    .   (shield restricted)
rNeg     + . .     Faith    .   u - +1 robe of Tenacity {rCorr Int+4}
rPois    .         Spirit   .   (helmet restricted)
rElec    .         Reflect  .   A - +0 cloak of the Cricket {rN+ Str+4}
rCorr    +         Harm     .   (gloves unavailable)
MR       ++...     NoTele   +   (boots unavailable)
Stlth    +++++++++.             (no amulet)
HPRegen  0.18/turn              r - +3 ring of protection
MPRegen  0.22/turn              (no ring)

@: heroism, finesse, very quick
A: very small, unfitting armour, see invisible, blink, deformed body, herbivore,
speed 3, slow metabolism 2
a: Blink, Heroism, Finesse, Renounce Religion


You were in the Dungeon.
You worshipped Okawaru.
Okawaru was extremely pleased with you.
You were not hungry.

You visited 1 branch You collected 1633 gold pieces.
You spent 1244 gold pieces at shops.

Inventory:

Hand Weapons
 a - the +1 rapier of Jede (weapon) {pierce, MR+ MP+9 Str+5 Dex-5}
   (Okawaru gifted it to you in the Dungeon)

   It inflicts extra damage upon your enemies.
   It affects your strength (+5).
   It affects your dexterity (-5).
   It affects your resistance to hostile enchantments.
   It affects your magic capacity (+9).
 b - a +0 shortbow
 c - a +0 blowgun
 q - a +2 dagger
 t - a +0 dagger of venom
 C - a +1 rapier of venom
Missiles
 e - 8 poisoned needles
 f - 11 curare-tipped needles
 o - 32 arrows
 s - 7 tomahawks of returning (quivered)
 B - 3 needles of sleeping
Armour
 d - a +0 cloak
 m - a +0 robe
 u - the +1 robe of Tenacity (worn) {rCorr Int+4}
   (You bought it in a shop in the Dungeon)

   It affects your intelligence (+4).
   It provides partial protection from all sources of acid and corrosion.
 A - the +0 cloak of the Cricket (worn) {rN+ Str+4}
   (You bought it in a shop in the Dungeon)

   It affects your strength (+4).
   It protects you from negative energy.
Jewellery
 r - a +3 ring of protection (left hand)
Wands
 n - a wand of flame (21)
 p - a wand of digging (5)
 y - a wand of polymorph (9)
Scrolls
 v - a scroll of enchant armour
 w - a scroll of identify
 x - a scroll of immolation
 z - a scroll of blinking
Potions
 h - 2 potions of curing
 i - a potion of heal wounds
 j - a potion of haste
 k - 2 potions of magic
 l - a potion of berserk rage
Comestibles
 g - 3 rations


   Skills:
 - Level 5.0(10.0) Fighting
 - Level 10.3(15.3) Short Blades
 + Level 8.1(13.1) Bows
 - Level 2.0(7.0) Throwing
 - Level 16.2(21.2) Dodging
 - Level 23.2(27) Stealth
 - Level 6.3 Spellcasting
 + Level 3.9 Conjurations
 - Level 6.0 Hexes
 - Level 13.4 Invocations
 - Level 5.2 Evocations


You had 3 spell levels left.
You knew the following spells:

 Your Spells              Type           Power        Failure   Level  Hunger
a - Ensorcelled Hibernat  Hex/Ice        ##....       6%          2    None
b - Confuse               Hex            ###.....     3%          3    ##.....
c - Dazzling Spray        Conj/Hex       ###...       5%          3    ##.....
d - Corona                Hex            ###....      1%          1    None
e - Tukima's Dance        Hex            ###.....     3%          3    ##.....
f - Slow                  Hex            ###.....     1%          2    None
g - Mephitic Cloud        Conj/Pois/Air  #.......     24%         3    ##.....
h - Call Imp              Summ           #.......     21%         2    None

Your spell library contained the following spells:

 Spells                   Type           Power        Failure   Level  Hunger
 Magic Dart               Conj           ###.         2%          1    None
 Conjure Flame            Conj/Fire      ##......     19%         3    ##.....
 Blink                    Tloc           N/A          21%         2    None


Dungeon Overview and Level Annotations

Branches:
Dungeon (1/1)

Altars:
Cheibriados
Dithmenos
Elyvilon
Fedhas
Gozag
Hepliaklqana
Kikubaaqudgha
Makhleb
Nemelex Xobeh
Okawaru
Qazlal
Ru
Sif Muna
Trog
Uskayaw
Vehumet
Wu Jian
Xom
Yredelemnul
Zin
The Shining One
Jiyva
Lugonu

Shops:
D [[*=*:[[}*%?==*[%


Innate Abilities, Weirdness & Mutations

You are very small and have problems with some larger weapons.
You are too small for most types of armour.
You have supernaturally acute eyesight. (SInv)
You are a herbivore.
You cover ground extremely quickly.
You need to consume almost no food.
You can translocate small distances at will.
Armour fits poorly on your strangely shaped body.


Message History

You puncture the unseen horror!
You kill the unseen horror!
Okawaru is honoured by your kill.
Your base Bows skill increases to level 8!
You see here a runed rapier {god gift}.
C - a runed rapier {god gift} The unseen horror completely misses you.
You hit the unseen horror.
The unseen horror is lightly wounded.
You barely miss the unseen horror.
The unseen horror is lightly wounded.
The unseen horror completely misses you.
You hit the unseen horror. You punch the unseen horror.
The unseen horror is heavily wounded.
The unseen horror hits you.
* * * LOW HITPOINT WARNING * * *
You hit the unseen horror but do no damage.
The unseen horror is heavily wounded.
The unseen horror hits you.
You die...

...##'#.####§§§.§##..'^^#,,,,**,,
)..'§§#§#,*##§§§#######+#,,,,,***
####§§§§#+*,###'#,[)##,,*,,,,,*,,
..##+####,,,*,#§##$$$#,,**,,,,*,∩
§§#.°...#,,,**#..###$#,,≈***+**,,
§§#°.○°○+,,,,,##.#A#$#,,≈,,*,****
#§###°°.#,,,,,#.§###$#,,≈,**+*,,,
#.'.#^○°#**++*#.##..$#,,≈**,,,,,,
###.#..##*,,**#.@#+###,,≈*,,,,,,,
∩##§#..#***,,*##.x.#,≈,,**,,,,,,,
###.##'#,,*,,*,###.#,≈,,*,,,,,,,,
§##.##.#,,,,,,,,,*.#**,,*,,,,,,,,
..§§####,,,,,,,,,*x#,+,,**,,,,,,,
###§#,,+,,,,,,****+#,**'**,,,,,,,
§§#§#****,,,***,,,,*,*≈≈≈**,,,,,,
§#'§#,,,*****,,,****,*≈≈≈≈**,,,,,
§####,,,,,,,,,***,,,,*≈≈≈≈≈******


You could see an unseen horror (invisible).

Vanquished Creatures
  A hydra (D)
  2 centaur warriors (D)
  Sonja (D)
  A deep troll (D)
  5 unseen horrors (D)
  A lindwurm (D)
  An oklob plant (D)
  A gargoyle (D)
  2 kobold demonologists (D)
  4 demonic crawlers (D)
  A hornet (D)
  A slime creature (D)
  Sigmund (D)
  2 redbacks (D)
  13 hogs (D)
  A yak (D)
  3 floating eyes (D)
  An ogre (D)
  7 necrophages (D)
  8 jellies (D)
  Ijyb (D)
  2 ballistomycetes (D)
  A ballistomycete spore (D)
61 creatures vanquished.

Vanquished Creatures (others)
  A ballistomycete spore (D)
1 creature vanquished.

Grand Total: 62 creatures vanquished

Notes
Turn   | Place    | Note
-------+----------+-------------------------------------------
     0 | D        | Kobolds4U the Spriggan Assassin began the quest for the
                  | Orb.
     0 | D        | Reached XP level 1. HP: 10/10 MP: 2/2
     1 | D        | Noticed Ijyb
     4 | D        | Killed Ijyb
     4 | D        | Reached skill level 10 in Stealth
     4 | D        | Reached XP level 2. HP: 14/14 MP: 3/3
     7 | D        | Noticed an ogre
    10 | D        | Killed an ogre
    10 | D        | Reached skill level 14 in Stealth
    10 | D        | Reached XP level 3. HP: 18/18 MP: 4/4
    10 | D        | Reached XP level 4. HP: 22/22 MP: 5/5
    20 | D        | Gained mutation: Armour fits poorly on your strangely
                  | shaped body. [potion of mutation]
    20 | D        | Gained mutation: You can translocate small distances at
                  | will. [potion of mutation]
    21 | D        | Noticed Sigmund
    24 | D        | Killed Sigmund
    24 | D        | Reached skill level 18 in Stealth
    24 | D        | Reached XP level 5. HP: 25/25 MP: 6/6
    24 | D        | Reached XP level 6. HP: 30/30 MP: 7/7
    36 | D        | Found an ornate altar of the Wu Jian Council.
    36 | D        | Found a deep blue altar of Sif Muna.
    38 | D        | Found a radiant altar of Vehumet.
    46 | D        | Found Rox Qife's Antique Armour Emporium.
    46 | D        | Found an ancient bone altar of Kikubaaqudgha.
    46 | D        | Found a hazy altar of Hepliaklqana.
    46 | D        | Found a stormy altar of Qazlal.
    46 | D        | Found a hide-covered altar of Uskayaw.
    46 | D        | Found a blossoming altar of Fedhas.
    46 | D        | Found a bloodstained altar of Trog.
    46 | D        | Found an iron altar of Okawaru.
    46 | D        | Found a basalt altar of Yredelemnul.
    46 | D        | Found a glowing golden altar of the Shining One.
    46 | D        | Found a snail-covered altar of Cheibriados.
    46 | D        | Found a sacrificial altar of Ru.
    46 | D        | Found a glowing silver altar of Zin.
    46 | D        | Found a shadowy altar of Dithmenos.
    46 | D        | Found a white marble altar of Elyvilon.
    46 | D        | Noticed a yak
    47 | D        | Found an opulent altar of Gozag.
    48 | D        | Killed a yak
    48 | D        | Reached skill level 20 in Stealth
    49 | D        | Found a sparkling altar of Nemelex Xobeh.
    54 | D        | Became a worshipper of Warmaster Okawaru
    85 | D        | Found a viscous altar of Jiyva.
    85 | D        | Found a corrupted altar of Lugonu.
    85 | D        | Noticed a slime creature
    86 | D        | Found a burning altar of Makhleb.
    86 | D        | Found a shimmering altar of Xom.
    88 | D        | Killed a slime creature
    88 | D        | Reached skill level 21 in Stealth
    88 | D        | Reached XP level 7. HP: 33/33 MP: 8/8
   100 | D        | Noticed a kobold demonologist
   101 | D        | Noticed a kobold demonologist
   103 | D        | Reached * piety under Okawaru
   103 | D        | Reached skill level 22 in Stealth
   105 | D        | Killed a kobold demonologist
   105 | D        | Reached ** piety under Okawaru
   107 | D        | Killed a kobold demonologist
   107 | D        | Reached skill level 23 in Stealth
   107 | D        | Reached XP level 8. HP: 37/37 MP: 9/9
   168 | D        | Noticed a centaur warrior
   171 | D        | Noticed a centaur warrior
   172 | D        | Killed a centaur warrior
   172 | D        | Reached *** piety under Okawaru
   172 | D        | Reached skill level 5 in Invocations
   173 | D        | Killed a centaur warrior
   173 | D        | Reached **** piety under Okawaru
   173 | D        | Reached XP level 9. HP: 41/41 MP: 9/16
   235 | D        | Noticed an oklob plant
   237 | D        | Killed an oklob plant
   237 | D        | Reached ***** piety under Okawaru
   237 | D        | Reached skill level 15 in Dodging
   255 | D        | Noticed a deep troll
   257 | D        | Killed a deep troll
   257 | D        | Reached skill level 10 in Invocations
   268 | D        | Found Qesezex's Armour Emporium.
   279 | D        | Noticed Sonja
   282 | D        | Killed Sonja
   282 | D        | Received a gift from Okawaru
   282 | D        | Reached skill level 5 in Evocations
   282 | D        | Reached XP level 10. HP: 46/46 MP: 18/18
   301 | D        | Found Jeng's Armour Boutique.
   309 | D        | Bought the cursed +1 robe of Tenacity {rCorr Int+4} for 284
                  | gold pieces
   334 | D        | HP: 1/46 [something (22)]
   729 | D        | HP: 1/46 [redback (15)]
  1391 | D        | Noticed an unseen horror
  1391 | D        | Noticed an unseen horror
  1394 | D        | Killed an unseen horror
  1394 | D        | Received a gift from Okawaru
  1394 | D        | Reached skill level 5 in Short Blades
  1396 | D        | Killed an unseen horror
  1398 | D        | Got an iridescent rapier {god gift}
  1399 | D        | Identified the +1 rapier of Jede {pierce, MR+ MP+9 Str+5
                  | Dex-5} (Okawaru gifted it to you in the Dungeon)
  1549 | D        | Reached skill level 5 in Fighting
  1575 | D        | Found Cypoz's Jewellery Shoppe.
  1575 | D        | Found Icepp's Assorted Antiques.
  1575 | D        | Found Puhuor's General Store.
  1577 | D        | Found Juannici's Book Emporium.
  1577 | D        | Found Qezxecut's Antique Armour Shop.
  1577 | D        | Found Anaimoki's Armour Shoppe.
  1577 | D        | Found Kawn's Gadget Boutique.
  1577 | D        | Found Tezxiu's General Store.
  1577 | D        | Found Qulan's Food Shop.
  1577 | D        | Found Ziebluwn's Magic Scroll Shoppe.
  1581 | D        | Bought a scroll of remove curse for 30 gold pieces
  1581 | D        | Bought a scroll of blinking for 75 gold pieces
  1581 | D        | Found Fogismef's Jewellery Boutique.
  1586 | D        | Bought a book of Maledictions for 250 gold pieces
  1589 | D        | Learned a level 2 spell: Ensorcelled Hibernation
  1589 | D        | Found Lucwe's Assorted Antiques.
  1589 | D        | Found Fenosust's Jewellery Boutique.
  1590 | D        | Found Lase's Food Emporium.
  1603 | D        | Bought a scroll of magic mapping for 49 gold pieces
  1624 | D        | Bought a faintly humming cloak for 304 gold pieces
  1634 | D        | Identified the cursed +0 cloak of the Cricket {rN+ Str+4}
                  | (You bought it in a shop in the Dungeon)
  1646 | D        | Bought a +3 ring of protection for 252 gold pieces
  1703 | D        | Reached skill level 1 in Spellcasting
  1703 | D        | Reached skill level 1 in Hexes
  2465 | D        | Reached skill level 10 in Short Blades
  2812 | D        | Noticed a lindwurm
  2816 | D        | Killed a lindwurm
  2816 | D        | Reached skill level 5 in Spellcasting
  2816 | D        | Reached skill level 5 in Hexes
  2816 | D        | Reached XP level 11. HP: 54/54 MP: 20/20
  2833 | D        | Learned a level 3 spell: Confuse
  2970 | D        | Learned a level 3 spell: Dazzling Spray
  2972 | D        | Learned a level 1 spell: Corona
  2976 | D        | Learned a level 3 spell: Tukima's Dance
  3101 | D        | Noticed a 12-headed hydra
  3103 | D        | Killed a 12-headed hydra
  3103 | D        | Received a gift from Okawaru
  3161 | D        | Reached skill level 5 in Bows
  3161 | D        | Reached skill level 1 in Conjurations
  3257 | D        | Learned a level 2 spell: Slow
  3261 | D        | Learned a level 3 spell: Mephitic Cloud
  3264 | D        | Learned a level 2 spell: Call Imp
  3290 | D        | Noticed a daeva
  3294 | D        | Noticed an unseen horror
  3294 | D        | Noticed an unseen horror
  3294 | D        | Noticed an unseen horror
  3294 | D        | Noticed an unseen horror
  3296 | D        | Noticed an unseen horror
  3314 | D        | Killed an unseen horror
  3314 | D        | Received a gift from Okawaru
  3327 | D        | Killed an unseen horror
  3333 | D        | Killed an unseen horror
  3339 | D        | Slain by an unseen horror

Skill      XL: |  1  2  3  4  5  6  7  8  9 10 11 |
---------------+----------------------------------+-----
Stealth        | 10 14 18 21 23 | 23.2
Dodging        | 9 14 16 | 16.2
Invocations    | 8 10 13 | 13.4
Bows           | 4 8 |  8.1
Evocations     | 5 |  5.2
Fighting       | 5 |  5.0
Short Blades   | 10 | 10.3
Spellcasting   | 5 6 |  6.3
Hexes          | 5 6 |  6.0
Conjurations   | 3 |  3.9
Throwing       | |  2.0

Action                   |  1- 3 |  4- 6 |  7- 9 | 10-12 || total
-------------------------+-------+-------+-------+-------++-------
Melee: Dagger            |     2 |     4 |     9 |    56 ||    71
       Rapier            |       |       |       |   352 ||   352
       Punch             |       |       |       |     7 ||     7
 Cast: Ensorcelled Hiber |       |       |       |     4 ||     4
Invok: Heroism           |       |       |       |     5 ||     5
       Finesse           |       |       |       |     2 ||     2
  Use: Potion            |       |     1 |       |     1 ||     2
       Scroll            |       |       |     3 |     4 ||     7
 Stab: Sleeping          |     2 |     4 |     9 |    14 ||    29
  Eat: Ration            |       |       |       |     1 ||     1
Armor: Robe              |       |       |       |    15 ||    15
Dodge: Dodged            |       |       |       |   472 ||   472
